 Dungeon Crawl Stone Soup version 0.25-a0-58-g9dd530fc12 (webtiles) character file.

Game seed: 219217320581501616, levelgen mode: deterministic

19255 Mort the Fighter (level 12, -2/115 HPs)
             Began as a Centaur Wizard on Oct 25, 2019.
             Was an Initiate of Gozag.
             Slain by a yak (13 damage)
             ... in a Gauntlet on Oct 26, 2019.
             The game lasted 01:43:53 (23810 turns).

Mort the Fighter (Centaur Wizard)                  Turns: 23810, Time: 01:43:54

Health: -2/115     AC: 12    Str: 11    XL:     12   Next: 34%
Magic:  27/33      EV: 11    Int: 21    God:    Gozag
Gold:   735        SH:  0    Dex:  8    Spells: 14/27 levels left

rFire    + . .     SeeInvis .   X - +2 demon trident
rCold    . . .     Gourm    .   (no shield)
rNeg     . . .     Faith    .   u - +0 troll leather armour {Purgy}
rPois    .         Spirit   .   y - +2 hat
rElec    .         Reflect  .   j - +2 cloak
rCorr    .         Harm     .   m - +1 pair of gloves
MR       .....     NoTele   +   (no barding)
Stlth    +.........             (no amulet)
HPRegen  0.69/turn              B - ring of protection from fire
MPRegen  0.23/turn              I - ring of magical power

@: gold aura, slowed
A: large, hooves 3, deformed body, speed 2, tough skin 3
a: Potion Petition, Call Merchant, Bribe Branch, Renounce Religion


You were in a Gauntlet.
You worshipped Gozag.
Gozag was pleased with you.
You were not hungry.

You visited 3 branches of the dungeon, and saw 15 of its levels.
You also visited: Sewer, Gauntlet and Ice Cave.

You collected 2975 gold pieces.
You spent 1105 gold pieces at shops.
You paid 1135 gold pieces to Gozag.

Inventory:

Hand Weapons
 H - the +7 war axe of Woe {drain, rN++ MR+ Stlth+}
   (You found it on level 9 of the Dungeon)

   A truly terrible weapon, it drains the life of those it strikes.
   It greatly protects you from negative energy.
   It affects your resistance to hostile enchantments.
   It makes you more stealthy.
 R - a +4 halberd of freezing
 X - a +2 demon trident (weapon)
Missiles
 k - 458 stones (quivered)
 l - 278 arrows
 w - 13 poisoned darts
Armour
 a - a scarf of repulsion
 j - a +2 cloak (worn)
 m - a +1 pair of gloves (worn)
 u - a +0 troll leather armour (worn) {Purgy}
 y - a +2 hat (worn)
 Y - a +2 scale mail of positive energy
Jewellery
 h - an uncursed ring of stealth
 B - a ring of protection from fire (left hand)
 C - an uncursed amulet of the gourmand {unknown}
 I - a ring of magical power (right hand)
Wands
 b - a wand of iceblast (3)
 L - a wand of acid (7)
 N - a wand of paralysis (2)
 O - a wand of enslavement (7)
 P - a wand of clouds (4)
 W - a wand of flame (9)
Scrolls
 c - 2 scrolls of enchant armour
 i - a scroll of fog
 n - 2 scrolls of immolation {unknown}
 o - 4 scrolls of teleportation
 q - 6 scrolls of amnesia
 s - a scroll of blinking {unknown}
 t - 2 scrolls of fear
 x - 2 scrolls of noise
 D - a scroll of enchant weapon
 E - a scroll of remove curse
 F - a scroll of torment {unknown}
 M - a scroll of holy word {unknown}
 S - a scroll of identify
 U - a scroll of acquirement {unknown}
Potions
 e - 2 potions of magic
 f - a potion of mutation {unknown}
 g - 6 potions of brilliance
 p - a potion of cancellation {unknown}
 r - 2 potions of might
 v - 3 potions of resistance
 z - a potion of curing
 A - a potion of agility {unknown}
 G - 2 potions of berserk rage {unknown}
 K - a potion of lignification {unknown}
 T - 2 potions of heal wounds
 V - a potion of flight {unknown}
Comestibles
 d - 11 rations


   Skills:
 - Level 13.0 Fighting
 - Level 5.0 Dodging
 - Level 1.1 Stealth
 - Level 8.4 Spellcasting
 - Level 5.1 Conjurations
 + Level 4.6 Summonings
   Level 0.8 Translocations
 - Level 3.0 Fire Magic
 + Level 5.0 Air Magic


You had 14 spell levels left.
You knew the following spells:

 Your Spells              Type           Power        Failure   Level  Hunger
a - Magic Dart            Conj           ####         1%          1    None
b - Call Imp              Summ           ####....     2%          2    None
c - Conjure Flame         Conj/Fire      ####....     6%          3    None
d - Mephitic Cloud        Conj/Pois/Air  ###.....     8%          3    None
e - Summon Lightning Spi  Summ/Air       ####....     14%         4    ###....

Your spell library contained the following spells:

 Spells                   Type           Power        Failure   Level  Hunger
 Confusing Touch          Hex            #.....       10%         1    None
 Corona                   Hex            #......      10%         1    None
 Blink                    Tloc           N/A          11%         2    None
 Slow                     Hex            #.......     16%         2    None
 Inner Flame              Hex/Fire       ###.....     16%         3    None
 Gell's Gravitas          Tloc           ##........   22%         3    None
 Portal Projectile        Hex/Tloc       ##....       26%         3    None
 Confuse                  Hex            #.......     30%         3    None
 Cause Fear               Hex            #.........   69%         4    ###....
 Leda's Liquefaction      Hex/Erth       #.........   69%         4    ###....
 Petrify                  Tmut/Erth      #.......     69%         4    ###....
 Silence                  Hex/Air        ###.......   69%         5    #####..
 Conjure Ball Lightning   Conj/Air       ####......   88%         6    ######.
 Metabolic Englaciation   Hex/Ice        #.........   95%         5    #####..
 Yara's Violent Unravell  Hex/Tmut       #.........   95%         5    #####..
 Deflect Missiles         Chrm/Air       ###.......   99%         6    ######.
 Tornado                  Air            ####......   100%        9    #######


Dungeon Overview and Level Annotations

Branches:
Dungeon (13/15)            Temple (1/1) D:4            Lair (1/6) D:11
    Orc (0/2) D:10          Sewer (visited)           IceCv (visited)
Gauntlet (1/1)
 Vaults: D:13-14

Altars:
Ashenzari
Cheibriados
Dithmenos
Elyvilon
Fedhas
Gozag
Hepliaklqana
Kikubaaqudgha
Makhleb
Nemelex Xobeh
Okawaru
Qazlal
Ru
Sif Muna
Trog
Uskayaw
Vehumet
Wu Jian
Xom
Yredelemnul
Zin
The Shining One
Beogh

Shops:
D:8 *   D:11 :

Annotations:
D:9 3 runed translucent doors, Arixos's ghost, novice OpNe Gauntlet 8 transporters, exclusion: ice statue


Innate Abilities, Weirdness & Mutations

You have hooves in place of feet.
Armour fits poorly on your strangely shaped body.
You cover ground very quickly.
You have extremely tough skin. (AC +3)


Message History

Casting: Magic Dart (safe; 1% risk of failure)
Confirm with . or Enter, or press ? or * to list all spells.
Aiming: Magic Dart (safe; 1% risk of failure)
Press: ? - help, Shift-Dir - straight line, f/p - yak
Aim: a yak (moderately wounded)
The magic dart hits the yak.
The yak is moderately wounded.
You feel yourself speed up. The yak barely misses you.
Being near the torpor snail leaves you feeling lethargic.
Casting: Magic Dart (safe; 1% risk of failure)
Confirm with . or Enter, or press ? or * to list all spells.
Aiming: Magic Dart (safe; 1% risk of failure)
Press: ? - help, Shift-Dir - straight line, f/p - yak
Aim: a yak (moderately wounded)
The magic dart hits the yak.
The yak is moderately wounded.
The yak gores you but does no damage. The yak gores you!
You die...
Your body crumbles into a pile of gold.

##..a#......#©#......≈#
.#....#......#©#......##
|.©!..#..###########..≈#
#######..#......#..#..##
.#©#.....#.....#...#..≈#
.#©#.....##....#...#..##
#######..#.##.#w...#..≈#
.....8#..#...###Y..#..##
####..#..#....#@##.#..≈#
....#.#..#...#....##..##
##©.#.#..#...#.....#..≈#
!.#.#.#..#[.#.©!...#..##
?.#.#.#..###########..≈#
#.#.kk#......#©#......##
#######......#©#......≈#
.#©#.....###########..##
.#©#.....#.....Xxxx#..§#


You could see a torpor snail and a yak.

Vanquished Creatures
  2 two-headed ogres (D:9)
  Urug (D:12)
  An unseen horror (D:11)
  Pikel (D:3)
  A manticore (D:11)
  2 ugly things
  An elephant (D:11)
  A gargoyle (D:11)
  2 trolls
  Grinder (D:3)
  2 hippogriffs (D:11)
  2 slime creatures (D:12)
  Sigmund (D:3)
  A wyvern (D:8)
  15 yaks
  A steam dragon (D:11)
  3 vampire mosquitoes (D:12)
  2 basilisks (D:11)
  A hungry ghost (D:11)
  Menkaure (D:5)
  A soldier ant (D:12)
  An acid dragon (D:12)
  7 orc warriors
  2 necrophages
  8 ice beasts
  3 phantoms
  A black bear (D:7)
  2 eyes of draining (D:11)
  6 ogres
  8 centaurs
  5 big kobolds
  12 bullfrogs
  A wyvern zombie (D:11)
  A wyvern skeleton (D:11)
  4 scorpions
  27 wights
  5 crimson imps
  2 howler monkeys
  10 jellies
  A quasit (D:11)
  2 centaur skeletons
  2 bullfrog zombies
  A gnoll shaman (D:7)
  6 orc priests
  8 hounds
  8 orc wizards
  4 iguanas
  4 bullfrog skeletons
  8 worker ants
  A killer bee zombie (D:8)
  A hound zombie (D:7)
  3 worker ant zombies
  3 hound skeletons
  A howler monkey zombie (D:11)
  13 gnolls
  17 adders
  2 shadow imps
  A white imp (Gauntlet)
  5 oozes (D:9)
  An adder skeleton (D:7)
  3 worms
  2 dart slugs (D:1)
  5 leopard geckos
  42 orcs
  9 giant cockroaches
  8 goblins
  7 hobgoblins
  9 jackals
  6 quokkas
  4 ball pythons
  5 bats
  10 frilled lizards
  31 kobolds
  6 rats
387 creatures vanquished.

Vanquished Creatures (collateral kills)
  A wizard (Gauntlet)
  A gargoyle (D:10)
  A hungry ghost (D:8)
  Edmund (D:4)
  Purgy (Sewer)
  An ice beast (IceCv)
  A slave (D:4)
  A gnoll sergeant (D:8)
  An orc wizard (D:3)
  An orc priest (D:2)
  Crazy Yiuf (D:3)
  2 gnolls
  2 shadow imps (Gauntlet)
  A leopard gecko (D:3)
  An orc (D:4)
  A goblin (D:3)
  2 jackals (D:1)
  A rat (D:3)
21 creatures vanquished.

Vanquished Creatures (others)
  A slave (D:4)
  An orc wizard (D:4)
  A fungus (D:11)
  2 plants (D:11)
5 creatures vanquished.

Grand Total: 413 creatures vanquished

Notes
Turn   | Place    | Note
-------+----------+-------------------------------------------
     0 | D:1      | Mort the Centaur Wizard began the quest for the Orb.
     0 | D:1      | Reached XP level 1. HP: 14/14 MP: 3/3
    36 | D:1      | Reached skill level 1 in Conjurations
   578 | D:1      | Reached XP level 2. HP: 20/20 MP: 0/5
   698 | D:1      | Learned a level 2 spell: Call Imp
   708 | D:1      | Reached skill level 1 in Summonings
  1720 | D:2      | Reached XP level 3. HP: 22/26 MP: 1/6
  2034 | D:2      | Learned a level 3 spell: Conjure Flame
  2295 | D:2      | Reached XP level 4. HP: 33/33 MP: 2/8
  2774 | D:2      | Found an iron altar of Okawaru.
  3023 | D:3      | Found a glowing drain.
  3028 | Sewer    | Entered a sewer
  3108 | Sewer    | Noticed Purgy
  3162 | Sewer    | Learned a level 3 spell: Mephitic Cloud
  3175 | Sewer    | Killed Purgy
  3175 | Sewer    | Reached XP level 5. HP: 34/38 MP: 2/10
  4202 | D:3      | Reached XP level 6. HP: 45/45 MP: 6/11
  4267 | D:3      | Found a runed translucent door.
  4268 | D:3      | Noticed Crazy Yiuf
  4307 | D:3      | Killed Crazy Yiuf
  4487 | D:3      | Noticed Grinder
  4496 | D:3      | Noticed Sigmund
  4505 | D:3      | HP: 2/45 [something (12)]
  4515 | D:3      | Paralysed by Grinder for 2 turns
  4519 | D:3      | Killed Grinder
  4519 | D:3      | HP: 1/45 [something (14)]
  4600 | D:2      | Upgraded the game from 0.25-a0-55-g0753fd1ad2 to
                  | 0.25-a0-58-g9dd530fc12
  5269 | D:3      | Killed Sigmund
  5269 | D:3      | Reached XP level 7. HP: 50/50 MP: 2/14
  5924 | D:3      | Reached skill level 5 in Spellcasting
  6041 | D:4      | Found an iron altar of Okawaru.
  6041 | D:4      | Found a blossoming altar of Fedhas.
  6716 | D:4      | Noticed Pikel
  6837 | D:3      | Killed Pikel
  6837 | D:3      | Reached skill level 4 in Fighting
  6837 | D:3      | Reached XP level 8. HP: 67/67 MP: 0/17
  7216 | D:4      | Found a staircase to the Ecumenical Temple.
  7222 | Temple   | Entered the Ecumenical Temple
  7415 | Temple   | Became a worshipper of Gozag Ym Sagoz the Greedy
  7594 | D:4      | Reached skill level 5 in Fighting
  7621 | D:4      | Noticed Edmund
  7668 | D:4      | Killed Edmund
  7829 | D:5      | Entered Level 5 of the Dungeon
  7876 | D:5      | Found a sacrificial altar of Ru.
  7904 | D:5      | Noticed Menkaure
  7914 | D:5      | Killed Menkaure
  8228 | D:5      | Reached skill level 1 in Fire Magic
  9078 | D:6      | Reached XP level 9. HP: 74/74 MP: 4/18
  9589 | D:6      | Reached skill level 6 in Fighting
 10560 | D:7      | Reached skill level 7 in Fighting
 10965 | D:7      | Reached skill level 8 in Fighting
 11767 | D:7      | Reached skill level 9 in Fighting
 12149 | D:7      | You fall into a shaft and drop 3 floors!
 12149 | D:10     | Entered Level 10 of the Dungeon
 12159 | D:10     | Noticed a gargoyle
 12568 | D:8      | Reached skill level 10 in Fighting
 12693 | D:8      | Reached XP level 10. HP: 79/93 MP: 14/19
 13609 | D:8      | Noticed a two-headed ogre
 15009 | D:9      | Found a runed translucent gate.
 15009 | D:9      | Found a runed translucent gate.
 15009 | D:9      | Found a runed translucent gate.
 15009 | D:9      | Noticed Arixos's ghost (novice OpNe)
 15207 | D:9      | Noticed a purple ugly thing
 15215 | D:9      | Killed a purple ugly thing
 15282 | D:9      | Noticed a two-headed ogre
 15315 | D:9      | Killed a two-headed ogre
 15697 | D:9      | Noticed a two-headed ogre
 15728 | D:9      | Reached skill level 5 in Conjurations
 15817 | D:9      | Killed a two-headed ogre
 16248 | D:9      | Got an encrusted war axe
 16403 | D:9      | Found a shimmering blue altar of Sif Muna.
 16496 | D:9      | Reached XP level 11. HP: 99/99 MP: 17/23
 17069 | D:8      | Found a radiant altar of Vehumet.
 17881 | D:10     | Found a staircase to the Orcish Mines.
 17890 | D:10     | Found a roughly hewn altar of Beogh.
 17903 | D:10     | Reached skill level 5 in Dodging
 18422 | D:11     | Found a frozen archway.
 18436 | D:11     | Identified the +7 war axe of Woe {drain, rN++ MR+ Stlth+}
                  | (You found it on level 9 of the Dungeon)
 18440 | IceCv    | Entered an ice cave
 18544 | IceCv    | Noticed a white ugly thing
 18561 | IceCv    | Killed a white ugly thing
 19084 | D:11     | Killed an unseen horror
 19084 | D:11     | Reached skill level 11 in Fighting
 19495 | D:11     | Found an ornate altar of the Wu Jian Council.
 19919 | D:11     | Reached skill level 12 in Fighting
 20426 | D:11     | Found a staircase to the Lair.
 21017 | D:11     | Bought a book of the Sky for 1105 gold pieces
 21024 | D:11     | Learned a level 4 spell: Summon Lightning Spire
 21811 | D:11     | Reached XP level 12. HP: 113/113 MP: 10/24
 22176 | D:12     | Noticed Urug
 22386 | D:12     | Killed Urug
 22665 | D:12     | Reached skill level 13 in Fighting
 23345 | D:13     | Noticed a tengu warrior
 23537 | Lair:1   | Entered Level 1 of the Lair of Beasts
 23563 | Lair:1   | Found a gate leading to a gauntlet.
 23572 | Gauntlet | Entered a Gauntlet
 23572 | Gauntlet | Found a transporter.
 23572 | Gauntlet | Found a transporter.
 23573 | Gauntlet | Found a transporter.
 23574 | Gauntlet | Found a transporter.
 23574 | Gauntlet | Noticed a queen ant
 23575 | Gauntlet | Found a transporter.
 23577 | Gauntlet | Found a transporter.
 23584 | Gauntlet | Found a transporter.
 23586 | Gauntlet | Found a transporter.
 23588 | Gauntlet | Found a transporter.
 23596 | Gauntlet | Found a transporter.
 23596 | Gauntlet | Noticed a reaper
 23597 | Gauntlet | Found a transporter.
 23604 | Gauntlet | Noticed a minotaur
 23798 | Gauntlet | Reached skill level 5 in Air Magic
 23810 | Gauntlet | Slain by a yak

Levels and vault maps discovered:
D:1:      nzn_arrival_water_spiral, layout_loops_ring
D:2:      layout_loops_cross, okawaru_gym_becter
D:3:      layout_loops_ring, portal_sewer_entry_e, minmay_misc_feat_iff,
          hangedman_abyss_or_decor_stabs, uniq_crazy_yiuf_cottage, uniq_grinder,
          uniq_sigmund
D:4:      layout_gridville, chequers_temple_overflow_statue_of_worship,
          temple_doors_cd, first_ration, lemuel_flame_loot_1, uniq_edmund,
          uniq_pikel
D:5:      layout_gridville, kennysheep_mini, uniq_menkaure
D:6:      layout_loops_corners
D:7:      minmay_skewed_foursquare, layout_basic
D:8:      layout_loops_ring, nicolae_overflow_hidden_temple,
          hangedman_abyss_or_decor_stagger
D:9:      kennysheep_orc_sif_temple, layout_cave_pods,
          ebering_ghost_rock_garden, hangedman_little_slice_of_home
D:10:     layout_irregular_city, minmay_orc_entry_temple_small
D:11:     layout_rooms, david_lair_generic, special_room [special_room_orc],
          basic_altar, portal_ice_cave_entry_pillars_1, minivault_23
D:12:     layout_basic, uniq_urug
D:13:     layout_irregular_city, serial_shops, nicolae_shop_waterfront,
          jmf_multi_god_temple
Temple:   eino_narrow_crystal_temple
Lair:1:   layout_gridlike, gauntlet_entry_generic, st_stairs_13,
          serial_bayou_shore_b
Gauntlet: minmay_gauntlet_mixed_big_or_small [gammafunk_gauntlet_arena_split_x,
          minmay_gauntlet_arena_77_double_cross, nicolae_gauntlet_swirl,
          minmay_gauntlet_arena_77_radiant_squares,
          nicolae_gauntlet_arena_blocks,
          minmay_gauntlet_arena_77_terracotta_army,
          nicolae_gauntlet_exit_dead_adventurers]

Skill      XL: |  1  2  3  4  5  6  7  8  9 10 11 12 |
---------------+-------------------------------------+-----
Conjurations   | 1 2 3 4 5 |  5.1
Summonings     | 1 2 4 |  4.6
Spellcasting   | 3 4 6 8 |  8.4
Fighting       | 4 5 10 12 13 | 13.0
Air Magic      | 3 5 |  5.0
Fire Magic     | 3 |  3.0
Dodging        | 3 5 |  5.0
Stealth        | |  1.1
Translocations | |  0.8

Action                   |  1- 3 |  4- 6 |  7- 9 | 10-12 || total
-------------------------+-------+-------+-------+-------++-------
Melee: Unarmed           |    48 |    26 |       |       ||    74
       Kick              |     6 |     6 |    18 |    94 ||   124
       Whip              |       |       |   107 |    44 ||   151
       Spear             |       |       |       |   334 ||   334
       War axe           |       |       |       |   170 ||   170
       Halberd           |       |       |       |    57 ||    57
       Demon trident     |       |       |       |    94 ||    94
Throw: Stone             |       |       |       |     1 ||     1
 Cast: Magic Dart        |    95 |   150 |   633 |   794 ||  1672
       Call Imp          |     2 |    30 |    10 |    33 ||    75
       Mephitic Cloud    |       |     1 |       |     1 ||     2
       Conjure Flame     |       |       |       |    42 ||    42
       Summon Lightning  |       |       |       |     4 ||     4
Invok: Call Merchant     |       |       |     1 |     1 ||     2
Evoke: Wand              |       |       |       |     5 ||     5
  Use: Scroll            |       |     2 |     2 |    13 ||    17
       Potion            |       |     3 |       |     6 ||     9
  Eat: Chunk             |     4 |     9 |     6 |       ||    19
       Ration            |       |       |     4 |    12 ||    16
Armor: Robe              |    27 |     8 |       |       ||    35
       Troll leather arm |       |    30 |   157 |   355 ||   542
Dodge: Dodged            |    31 |    36 |   112 |   369 ||   548

Table legend:
 A = Non-vault XP
 B = Vault XP
 C = Vault XP percentage of total XP
 D = Non-vault monster count
 E = Vault monster count
 F = Vault count percentage of total count
                 A         B        C        D         E       F
            +---------+---------+-------+---------+---------+-------
      Total |   19970 |    7538 |  27.4 |     328 |      80 |  19.6
            +---------+---------+-------+---------+---------+-------
        D:1 |      37 |       0 |   0.0 |      21 |       0 |   0.0
        D:2 |     143 |       0 |   0.0 |      29 |       0 |   0.0
        D:3 |     200 |     935 |  82.4 |      35 |       4 |  10.3
        D:4 |     616 |      41 |   6.2 |      22 |       1 |   4.3
        D:5 |     367 |     172 |  31.9 |      19 |       1 |   5.0
        D:6 |     768 |       0 |   0.0 |      19 |       0 |   0.0
        D:7 |    1089 |     322 |  22.8 |      27 |       5 |  15.6
        D:8 |    1933 |       0 |   0.0 |      29 |       0 |   0.0
        D:9 |    4347 |     389 |   8.2 |      43 |      12 |  21.8
       D:10 |    1957 |     426 |  17.9 |      20 |       7 |  25.9
       D:11 |    5273 |    1947 |  27.0 |      41 |      28 |  40.6
       D:12 |    3149 |     851 |  21.3 |      21 |       1 |   4.5
       D:13 |       1 |       0 |   0.0 |       1 |       0 |   0.0
     Lair:1 |      90 |       0 |   0.0 |       1 |       0 |   0.0
      Sewer |       0 |     102 | 100.0 |       0 |       7 | 100.0
      IceCv |       0 |    1266 | 100.0 |       0 |       7 | 100.0
   Gauntlet |       0 |    1087 | 100.0 |       0 |       7 | 100.0
            +---------+---------+-------+---------+---------+-------
